Map: Moonlight Madness LE (Void)

Players

wabbajack

  • Race: Zerg Zerg
  • League: Gold

MetalManiac - Winner!

  • Race: Protoss Protoss
  • League: Silver

VOD

Have the link to the VOD?

Description

Time

  • Played on: July 18, 2015, 3:14 p.m.
  • Length: 21:00
Show
View Real Time Build Order
Export as new Build Order

wabbajack Zerg 

Build Orders: Hatch First, Lurkers 

Get SALT Encoding   

  12  0:01  Drone  
  13  0:13  Overlord  
  13  0:18  Drone  
  14  0:32  Drone x2  
  16  0:55  Hatchery  
  15  1:05  Spawning Pool  
  15  1:07  Extractor  
  15  1:10  Drone  
  14  1:14  Drone  
  15  1:18  Drone  
  16  1:32  Drone x2  
  18  1:45  Overlord  
  18  1:51  Queen  
  20  1:57  Zergling x2  
  21  2:04  Zergling x2  
  22  2:10  Drone  
  23  2:19  Metabolic Boost  
  23  2:26  Drone  
  23  2:28  Queen  
  26  2:38  Drone x2, Extractor  
  26  2:39  Drone x2  
  26  2:41  Drone  
  30  3:06  Pneumatized Carapace  
  30  3:16  Baneling Nest  
  29  3:21  Zergling x8  
  33  3:30  Overlord  
  33  3:31  Zergling x4  
  33  3:32  Zergling x2  
  36  3:36  Overlord  
  36  4:06  Baneling x3  
  36  4:07  Baneling  
  36  4:15  Roach Warren  
  36  4:16  Drone  
  36  4:17  Drone x8  
  36  4:22  Spine Crawler  
  36  4:24  Overlord  
  43  4:48  Lair, Drone  
  43  4:49  Drone x4  
  48  4:58  Evolution Chamber  
  44  5:13  Spore Crawler, Queen  
  45  5:15  Spore Crawler  
  45  5:20  Spore Crawler x2  
  40  5:23  Spore Crawler  
  35  5:51  Hydralisk Den, Overseer  
  35  5:53  Drone x5  
  39  6:07  Drone x3  
  39  6:08  Drone x2  
  44  6:12  Hatchery  
  42  6:18  Overlord  
  42  6:21  Roach x7  
  56  6:38  Hydralisk x5  
  57  7:10  Lurker Den  
  57  7:21  Queen  
  59  7:27  Zerg Missile Weapons Level 1  
  59  7:32  Evolution Chamber  
  59  7:36  Drone x5  
  63  7:41  Queen  
  65  7:44  Queen  
  65  7:49  Overlord x2  
  65  7:50  Drone  
  65  7:51  Drone x5  
  73  8:12  Drone x2  
  75  8:13  Drone x10  
  75  8:18  Zerg Ground Armor Level 1  
  85  8:20  Overlord  
  85  8:24  Glial Reconstitution  
  85  8:30  Extractor  
  85  8:31  Extractor  
  83  8:36  Spore Crawler  
  83  8:39  Spine Crawler  
  83  8:40  Spine Crawler, Extractor  
  83  8:41  Extractor  
  78  8:44  Spine Crawler  
  78  8:46  Spine Crawler  
  78  8:47  Drone x3  
  78  8:48  Spine Crawler  
  78  8:49  Drone  
  79  8:58  Drone  
  79  9:00  Drone x2  
  79  9:02  Drone x3  
  85  9:04  Overlord  
  85  9:06  Overlord x2  
  85  9:17  Drone x3  
  86  9:19  Drone x5  
  86  9:20  Drone x2  
  95  9:24  Overlord  
  95  9:26  Overlord  
  95  9:28  Zerg Missile Weapons Level 2  
  95  9:35  Infestation Pit  
  94  9:38  Spire  
  94  9:40  Lurker x2  
  94  9:41  Lurker  
  94  9:45  Lurker  
  97  9:53  Overseer  
  97  10:23  Tunneling Claws, Muscular Augments  
  97  10:26  Burrow  
  97  10:32  Hydralisk x4, Roach x2  
  97  10:33  Roach x3  
  115  10:36  Overlord x2  
  115  10:37  Overlord x2  
  115  10:40  Hatchery  
  109  10:55  Drone  
  109  10:56  Drone x4  
  114  10:57  Spore Crawler  
  114  10:58  Corruptor x3  
  114  11:03  Hive  
  119  11:16  Drone x3  
  119  11:17  Drone  
  123  11:35  Extractor x2  
  113  12:21  Hydralisk x5, Roach x2  
  113  12:22  Hydralisk x2, Roach x6  
  143  12:23  Viper x2  
  143  12:24  Viper x2  
  155  12:31  Drone  
  155  12:32  Drone x6  
  155  12:33  Overlord  
  162  13:06  Drone x3  
  162  13:07  Drone x5  
  162  13:09  Overlord x3  
  170  13:14  Adrenal Glands  
  170  13:16  Zerg Ground Armor Level 2, Ultralisk Cavern  
  170  13:18  Zerg Missile Weapons Level 3  
  169  13:23  Evolution Chamber  
  168  13:32  Queen  
  170  13:46  Spore Crawler  
  169  13:49  Spine Crawler  
  169  13:51  Drone, Spine Crawler  
  169  13:52  Drone x3, Spine Crawler  
  169  13:53  Drone  
  171  13:56  Spore Crawler, Drone x2  
  171  13:57  Drone x2  
  171  14:01  Zerg Melee Weapons Level 1  
  174  14:04  Greater Spire  
  170  14:30  Lurker x3  
  173  14:32  Hydralisk x3, Roach x2  
  173  14:33  Roach x2  
  173  14:37  Chitinous Plating  
  187  14:42  Roach x9  
  170  14:56  Roach x4  
  123  15:19  Roach x4  
  100  15:45  Ultralisk x3  
  100  15:46  Ultralisk x7  
  158  15:52  Zergling x2  
  158  15:53  Zergling x40  
  179  15:57  Zerg Ground Armor Level 3  
  179  16:20  Hatchery  
  179  16:25  Hatchery  
  177  16:34  Spine Crawler  
  177  16:35  Spore Crawler, Spine Crawler, Overseer x3  
  177  16:37  Spine Crawler  
  173  16:57  Corruptor  
  173  16:58  Corruptor x2, Extractor  
  173  16:59  Extractor  
  177  17:02  Zerg Flyer Weapons Level 1  
  177  17:08  Roach  
  132  18:01  Corruptor x3  
  132  18:02  Corruptor x6  
  116  18:42  Drone  
  116  18:43  Drone x4  
  116  18:44  Hydralisk  
  116  18:45  Hydralisk x13  
  131  19:20  Spine Crawler x2  
  131  19:21  Spine Crawler  
  131  19:22  Drone x15, Spore Crawler  
  115  20:03  Hydralisk  
  115  20:04  Hydralisk x11  
  115  20:12  Zergling x8  
  112  20:22  Spore Crawler, Spine Crawler  
  112  20:25  Spine Crawler  
  104  20:30  Spore Crawler  
Show
View Real Time Build Order
Export as new Build Order

MetalManiac Protoss - Winner!

Build Orders: Nexus First 

Get SALT Encoding   

  12  0:01  Probe  
  13  0:16  Pylon  
  13  0:19  Probe  
  14  0:34  Probe (Chrono Boost)  
  16  0:44  Probe (Chrono Boost)  
  16  0:51  Probe  
  17  1:04  Nexus  
  17  1:14  Gateway  
  17  1:17  Probe  
  18  1:29  Probe  
  18  1:30  Assimilator  
  19  1:35  Pylon  
  19  1:42  Probe  
  20  2:01  Cybernetics Core  
  20  2:05  Zealot  
  22  2:08  Probe, Forge  
  22  2:13  Assimilator  
  23  2:19  Probe (Chrono Boost)  
  24  2:29  Probe (Chrono Boost)  
  24  2:31  Probe (Chrono Boost)  
  24  2:35  Pylon  
  25  2:38  Probe (Chrono Boost)  
  26  2:49  Probe (Chrono Boost)  
  28  2:54  Mothership Core (Chrono Boost)  
  28  2:55  Warp Gate  
  29  2:59  Zealot  
  31  3:09  Probe (Chrono Boost)  
  31  3:10  Probe (Chrono Boost)  
  33  3:12  Pylon  
  35  3:21  Probe x2 (Chrono Boost)  
  35  3:26  Stargate  
  36  3:27  Probe x2 (Chrono Boost)  
  36  3:30  Assimilator  
  37  3:35  Assimilator  
  37  3:48  Probe (Chrono Boost)  
  39  3:49  Probe (Chrono Boost)  
  39  3:58  Probe x2 (Chrono Boost)  
  39  3:59  Sentry  
  43  4:05  Pylon  
  43  4:06  Probe x2  
  45  4:10  Oracle (Chrono Boost)  
  48  4:19  Gateway  
  48  4:26  Probe x2  
  50  4:37  Gateway  
  50  4:38  Probe x2  
  52  4:40  Pylon  
  52  4:50  Probe x2  
  54  5:08  Probe x2  
  40  5:22  Nexus  
  35  5:29  Probe x2  
  36  5:36  Void Ray  
  40  5:49  Zealot x3  
  46  5:56  Robotics Facility  
  45  6:01  Probe x2  
  45  6:03  Pylon  
  45  6:04  Photon Cannon  
  47  6:09  Pylon  
  47  6:13  Probe  
  48  6:20  Zealot  
  48  6:21  Sentry  
  52  6:52  Probe (Chrono Boost)  
  52  6:53  Probe (Chrono Boost)  
  58  6:54  Immortal  
  58  7:04  Mothership Core (Chrono Boost), Probe (Chrono Boost)  
  57  7:10  Probe (Chrono Boost)  
  50  7:17  Robotics Bay  
  50  7:20  Probe (Chrono Boost)  
  50  7:22  Probe (Chrono Boost)  
  52  7:29  Probe (Chrono Boost)  
  54  7:30  Probe (Chrono Boost), Nexus  
  55  7:37  Probe (Chrono Boost)  
  55  7:46  Probe x2  
  55  7:49  Stalker x3  
  63  8:04  Pylon  
  63  8:06  Probe x2 (Chrono Boost)  
  65  8:15  Stalker x3  
  71  8:26  Disruptor (Chrono Boost)  
  74  8:31  Probe x2  
  76  8:38  Assimilator  
  76  8:42  Assimilator  
  76  8:43  Probe x2  
  76  8:47  Probe  
  79  8:55  Probe x2  
  84  8:59  Probe, Disruptor (Chrono Boost)  
  85  9:04  Photon Cannon  
  85  9:07  Probe x2  
  85  9:09  Pylon  
  87  9:10  Stalker x3  
  87  9:16  Probe  
  94  9:19  Probe  
  95  9:24  Twilight Council  
  95  9:27  Warp Prism (Chrono Boost)  
  97  9:33  Probe (Chrono Boost)  
  100  9:39  Probe x2 (Chrono Boost)  
  100  9:43  Probe (Chrono Boost)  
  102  9:47  Probe x2 (Chrono Boost)  
  103  10:00  Gateway  
  103  10:04  Gateway  
  103  10:10  Gateway  
  103  10:11  Stalker x2  
  103  10:12  Stalker, Disruptor x2  
  109  10:16  Probe (Chrono Boost)  
  109  10:17  Probe (Chrono Boost)  
  109  10:18  Probe (Chrono Boost)  
  112  10:22  Colossus (Chrono Boost)  
  112  10:25  Extended Thermal Lance  
  112  10:26  Pylon  
  118  10:28  Pylon  
  118  10:35  Probe  
  119  10:36  Probe  
  120  11:05  Probe x2  
  120  11:06  Stalker x5, Templar Archives  
  120  11:07  Disruptor x2  
  132  11:15  Colossus (Chrono Boost)  
  138  11:22  Pylon  
  138  11:24  Pylon  
  138  11:40  Probe x3  
  141  11:49  Psionic Storm  
  141  11:52  Probe x3, Void Ray  
  143  11:59  High Templar x6  
  143  12:00  Observer (Chrono Boost)  
  153  12:06  Gateway  
  153  12:08  Gateway  
  153  12:11  Gateway  
  153  12:28  Observer  
  154  12:34  Nexus  
  154  12:35  Pylon  
  154  12:36  Pylon x2  
  154  12:37  Pylon  
  154  12:39  Pylon  
  154  12:53  Colossus  
  154  12:55  High Templar x5  
  154  12:56  High Templar  
  154  12:57  Probe x3  
  154  12:58  Protoss Ground Weapons Level 1 (Chrono Boost)  
  175  13:03  Void Ray  
  179  13:13  Assimilator  
  179  13:17  Assimilator  
  179  13:33  Stalker x2  
  183  13:34  Stalker x4  
  183  13:35  Stalker  
  193  13:42  Blink (Chrono Boost)  
  193  13:48  Void Ray  
  193  13:49  Forge  
  193  13:53  Stargate  
  197  14:17  Stargate  
  195  14:25  Stalker x2  
  147  15:12  High Templar x4  
  147  15:13  High Templar x2  
  147  15:14  Stalker x3  
  155  15:16  Void Ray  
  137  15:48  Stalker x2  
  137  15:49  Stalker x2  
  145  15:50  Stalker x5  
  155  16:02  Void Ray x2  
  163  16:07  Nexus  
  163  16:09  Pylon  
  163  16:12  Pylon  
  163  16:28  High Templar x3  
  163  16:32  Photon Cannon  
  169  16:34  Photon Cannon  
  169  16:35  Photon Cannon  
  169  16:36  Photon Cannon  
  169  16:39  Photon Cannon  
  169  16:40  High Templar  
  169  16:41  Photon Cannon  
  169  16:43  Photon Cannon  
  169  16:45  Observer (Chrono Boost), Photon Cannon  
  169  16:47  Pylon  
  172  16:49  Assimilator  
  172  16:50  Void Ray  
  172  16:53  Assimilator  
  176  17:07  Void Ray  
  176  17:08  Void Ray  
  184  17:35  High Templar x3  
  137  18:01  Void Ray x3  
  118  18:15  High Templar  
  118  18:16  Zealot x4  
  118  18:17  Zealot  
  118  18:18  Zealot x3  
  111  18:40  Dark Shrine  
  98  18:44  Void Ray  
  83  18:56  Probe x2  
  83  19:00  Probe x2  
  87  19:08  Probe x2  
  89  19:12  Probe  
  89  19:14  Stalker x2  
  89  19:15  Stalker x3  
  101  19:17  Stalker x2  
  104  19:41  Void Ray  
  106  19:46  Nexus  
  106  19:47  Zealot x2  
  106  19:48  Zealot x7  
  124  19:57  Void Ray  
  112  20:19  Zealot x4  
  112  20:20  Zealot x4  
  128  20:34  Zealot  
Tags
 
Add a new tag
Caveats
  • Supply blocks, unpowered buildings, or Contaminate may cause inaccurate times.
  • Supply counts are checked every 10 seconds.